Cogmind - Beta 15 @@@ ROGUE MODE // 2025.08.07 @ 19:52:03 Player: Btuck Result: Destroyed by B-86 Titan with Railgun Performance ------------- Evolutions (6) 3000 Regions Visited (16) 3200 Robots Destroyed (142) 710 Value Destroyed (5009) 5009 Prototype IDs (25) 500 Alien Tech Used (3) 600 Bonus (2190) 2190 TOTAL SCORE: 15209 Bonus ------- Follower Combat Kills 90 Entered DSFs 500 Acquired ECA 300 Met Zhirov 300 Met Warlord at Base 500 MAIN.C Attacked Warlord 500 Cogmind --------- Core Integrity 0/1150 Matter 300/300 Energy 350/350 System Corruption 2% Temperature Cool (0) Movement Hovering (86) Location -3/Proximity Caves Parts ------- > --- POWER (2) -------- Angular Momentum Engine Light Angular Momentum Engine > --- PROPULSION (6) --- Flexi-carbon Leg Flexi-carbon Leg Combat Gravmag System Combat Gravmag System Improved Antigrav System > --- UTILITY (7) ------ Terrain Scanner ECM Suite Improved Medium Armor Plating Thermal Shield > --- WEAPON (4) ------- (None) > --- INVENTORY (5) ---- Carbon-fiber Leg Heavy Neutron Cannon Segregator Peak State ------------ > --- POWER ------------ Fusion Reactor > --- PROPULSION ------- Carbon-fiber Leg Carbon-fiber Leg Flexi-carbon Leg Armored Leg Enhanced Armored Leg Enhanced Armored Leg > --- UTILITY ---------- Advanced Heat Sink Large Storage Unit IFF Parser Precision Matter Filter Layered Light Armor Plating > --- WEAPON ----------- Gatling Laser Bore Cannon Antimatter Cannon Mass Driver > --- INVENTORY -------- Heavy Ion Engine Neutrino Core Improved Transmission Jammer Improved Medium Armor Plating Thermal Defense Suite Hacking Suite Advanced System Shield Transdimensional Reconstructor Heavy Riot Gun Heavy Laser Heavy Plasma Cannon Rocket Launcher Spear [Rating: 86] Favorites ----------- Power Cooled Ion Engine Engine Cooled Ion Engine Power Core Neutrino Core Reactor Fusion Reactor Propulsion Aluminum Leg Treads Light Treads Leg Aluminum Leg Wheel Armored Wheel Hover Unit Backup Propulsion III Flight Unit Impulse Thruster Utility Large Storage Unit Device Structural Scanner Storage Large Storage Unit Processor Terrain Scan Processor Hackware Hacking Suite Protection Layered Light Armor Plating Weapon Heavy Assault Rifle Energy Gun Gatling Laser Energy Cannon Heavy Phase Cannon Ballistic Gun Heavy Assault Rifle Ballistic Cannon Antimatter Cannon Launcher Rocket Launcher Special Weapon Improved Plasma Cutter Slashing Weapon Segregator Piercing Weapon Spear Build | -11 -10 -9 -9 -8 -7 -6 -6 -5 -5 -5 -5 -4 -4 -4 -4 -3 ------- Run | Yrd Mat Mat Min Mat Fac Fac DSF Fac Upp Upp Zhi Pro Fac Upp War Pro Slots Evolved 12 | . . 2 . 2 2 2 . 2 . . . . 2 . . . Power 1 | . . . . . . . . . . . . . 1 . . . Propulsion 4 | . . 1 . 1 . 1 . 1 . . . . . . . . Utility 5 | . . . . . 2 1 . 1 . . . . 1 . . . Weapon 2 | . . 1 . 1 . . . . . . . . . . . . Parts Attached 114 | 6 2 10 3 5 7 1 8 15 3 3 4 9 24 . 13 1 Power 9 | 1 . 2 . . . . 1 1 . . 1 . 1 . 1 1 Engine 7 | 1 . 2 . . . . 1 . . . . . 1 . 1 1 Core 1 | . . . . . . . . 1 . . . . . . . . Reactor 1 | . . . . . . . . . . . 1 . . . . . Propulsion 34 | 2 . 4 . 1 2 . 5 3 1 2 . 4 3 . 7 . Treads 2 | 2 . . . . . . . . . . . . . . . . Leg 25 | . . 3 . 1 2 . 5 3 1 2 . 4 . . 4 . Wheel 1 | . . 1 . . . . . . . . . . . . . . Hover 3 | . . . . . . . . . . . . . . . 3 . Flight 3 | . . . . . . . . . . . . . 3 . . . Utility 37 | 1 2 . 1 . 3 1 1 7 1 1 1 . 16 . 2 . Device 23 | . 1 . 1 . 2 1 . 5 . 1 1 . 11 . . . Storage 2 | 1 1 . . . . . . . . . . . . . . . Processor 2 | . . . . . . . . . . . . . 2 . . . Hackware 3 | . . . . . . . . 1 . . . . 2 . . . Protection 7 | . . . . . 1 . 1 1 1 . . . 1 . 2 . Artifact . | . . . . . . . . . . . . . . . . . Weapon 34 | 2 . 4 2 4 2 . 1 4 1 . 2 5 4 . 3 . Energy Gun 5 | . . 1 . . . . . . . . 1 3 . . . . Energy Cannon 6 | . . . . . . . . 1 . . . 1 3 . 1 . Ballistic Gun 12 | 2 . 3 2 2 . . 1 1 . . . . 1 . . . Ballistic Cannon 4 | . . . . 1 . . . 1 . . 1 1 . . . . Launcher 4 | . . . . 1 2 . . 1 . . . . . . . . Special Weapon 1 | . . . . . . . . . . . . . . . 1 . Impact Weapon . | . . . . . . . . . . . . . . . . . Slashing Weapon 1 | . . . . . . . . . . . . . . . 1 . Piercing Weapon 1 | . . . . . . . . . 1 . . . . . . . Special Melee Weapon . | . . . . . . . . . . . . . . . . . Unidentified Prototypes 16 | . . 3 . . 2 1 . 2 . 1 3 . 3 . 1 . Parts Lost 64 | . 1 2 . . 2 . 7 6 3 . . 18 18 . 1 6 Power 5 | . . . . . . . 1 . . . . . 3 . . 1 Propulsion 20 | . 1 2 . . 1 . . 2 2 . . 5 5 . 1 1 Utility 20 | . . . . . . . 2 2 1 . . 6 6 . . 3 Weapon 19 | . . . . . 1 . 4 2 . . . 7 4 . . 1 Highest Loss Streak 11 | . 1 1 . . 1 . 3 2 3 . . 11 6 . 1 5 To Critical Strikes 1 | . . . . . . . . . . . . . 1 . . . Average Backups 10 | 1 5 11 14 14 14 13 14 13 13 13 12 11 7 5 4 2 Power 1 | . 1 2 2 2 2 2 1 1 1 1 1 2 . 1 1 . Propulsion 1 | . 2 1 3 2 1 1 2 4 3 3 2 . 1 . . 1 Utility 4 | . 1 2 3 6 7 8 8 7 7 6 5 4 3 4 2 . Weapon 2 | . . 4 6 4 2 2 1 1 1 2 2 3 . . . 1 Tool/Special . | . . . . . . . . . . . . . . . . . Unused Backups 25 | . . 2 6 3 . . . 7 1 . 3 . 1 . . 2 Power 4 | . . . 2 . . . . 1 . . . . . . . 1 Propulsion 4 | . . . 3 . . . . . . . 1 . . . . . Utility 12 | . . 2 1 1 . . . 5 1 . 1 . 1 . . . Weapon 4 | . . . . 2 . . . 1 . . . . . . . 1 Tool/Special 1 | . . . . . . . . . . . 1 . . . . . Average Slot Usage (%) 83 | . 94 95 100 99 99 93 96 87 87 91 76 85 55 . 39 64 Engine 5 | . 14 11 11 9 7 6 5 2 . . . . 4 . 7 10 Treads 2 | . 25 1 . . . . . . . . . . . . . . Leg 23 | . . 22 33 36 30 26 32 32 26 29 29 31 10 . 1 10 Hover 1 | . . . . . . . . . . . . . . . 9 16 Device 13 | . 11 11 11 9 14 20 19 20 12 14 17 12 11 . 6 15 Storage 6 | . 14 11 11 9 7 6 6 5 5 5 5 5 3 . . . Protection 3 | . . . . . 7 6 6 3 5 5 5 5 1 . 8 8 Energy Cannon 1 | . . . . . . . . 3 5 5 1 1 3 . . 1 Ballistic Gun 13 | . 28 31 33 26 22 20 17 5 5 5 1 . . . . . Ballistic Cannon 3 | . . . . 8 2 6 5 1 5 5 1 8 1 . . . Launcher 1 | . . . . . 4 . . 4 3 . . 2 1 . . . Peak Build Rating 86 | 6 7 17 16 21 34 38 59 84 81 81 81 86 76 1 73 73 Average Rating 43 | 4 6 14 16 20 30 35 54 68 70 74 60 74 51 1 30 55 On Entrance 37 | . 6 6 16 16 21 34 38 51 77 67 81 81 60 1 1 73 Naked Turns 105 | . . . . . . . . . . . . . 24 4 77 . Heaviest Build 83 | 12 28 38 38 43 54 56 57 75 71 67 68 73 83 . 47 47 Greatest Support 106 | 40 40 30 30 40 48 48 82 104 105 104 104 106 95 3 48 48 Greatest Overweight (x) 10 | . 1 3 1 1 1 1 1 . . . . 1 1 . 10 1 Average Overweight (x) . | . . 1 1 . 1 1 . . . . . . . . . . Largest Inventory Capacity 15 | 8 15 15 15 15 15 15 15 15 15 15 15 15 15 5 5 5 Average Capacity 13 | 6 11 15 15 15 15 15 15 15 15 15 14 15 11 5 5 5 Most Carried 15 | 3 6 15 15 15 15 14 15 15 15 15 15 15 13 5 5 4 Average Carried 11 | 1 5 11 14 14 14 13 14 14 14 14 13 11 7 5 4 2 Final Capacity 15 | 8 15 15 15 15 15 15 15 15 15 15 15 15 5 5 5 5 Final Carried 15 | 3 6 15 14 15 14 14 13 15 15 15 15 9 5 5 3 3 Class Distribution -------------------- 28% | Scavenger-Tank 19% | Mutant 17% | Skirmisher 13% | Infiltrator-Tank 8% | Scavenger-Mutant 3% | Tank Dominant Class ---------------- Mutant | -10/Materials Skirmisher | -9/Materials Skirmisher | -9/Mines Skirmisher | -8/Materials Infiltrator-Tank | -7/Factory Infiltrator-Tank | -6/Factory Infiltrator-Tank | -6/DSF Mutant | -5/Factory Scavenger-Tank | -5/Upper Caves Scavenger-Tank | -5/Upper Caves Scavenger-Mutant | -5/Zhirov Scavenger-Tank | -4/Proximity Caves Scavenger-Tank | -4/Factory Scavenger-Tank | -4/Upper Caves Mutant | -4/Warlord Scavenger-Mutant | -3/Proximity Caves Resources | -11 -10 -9 -9 -8 -7 -6 -6 -5 -5 -5 -5 -4 -4 -4 -4 -3 ----------- Run | Yrd Mat Mat Min Mat Fac Fac DSF Fac Upp Upp Zhi Pro Fac Upp War Pro Matter Collected 4455 | 288 117 479 63 132 562 78 439 670 190 82 . 706 458 . 191 . Remotely 593 | . . . . . 231 78 284 . . . . . . . . . Salvage Created 5658 | 124 324 906 164 398 552 189 341 850 388 . . 436 832 . . 154 Parts 272 | 5 15 38 6 27 35 5 16 34 11 . . 13 58 . . 9 Haulers Intercepted 10 | . . 3 . 3 . 2 . 1 . . . . 1 . . . Recyclers Shooed 8 | . . 3 . . . . . 1 . . . . 4 . . . Parts Field Recycled . | . . . . . . . . . . . . . . . . . Retrieved Matter . | . . . . . . . . . . . . . . . . . Parts Self-Destructed 36 | . . . . . . . . . 17 . . 11 . . . 8 Prevented 3 | . . . . . . . . . . . . 2 . . . 1 Kills | -11 -10 -9 -9 -8 -7 -6 -6 -5 -5 -5 -5 -4 -4 -4 -4 -3 ------- Run | Yrd Mat Mat Min Mat Fac Fac DSF Fac Upp Upp Zhi Pro Fac Upp War Pro Combat Hostiles Destroyed 112 | . 10 9 2 7 10 . 8 15 11 . . 20 16 . . 4 Melee 4 | . . . . . . . . . . . . . 4 . . . Guns 42 | . 10 9 2 2 10 . 3 2 . . . 4 . . . . Cannons 34 | . . . . 1 . . 2 10 4 . . 7 7 . . 3 AOE 31 | . . . . 4 . . 3 2 7 . . 9 5 . . 1 Classes Destroyed 18 | 2 2 3 . 1 3 . 2 . 1 . . 1 2 . . 1 Worker 2 | . . . . . 1 . . . . . . . 1 . . . Builder 6 | . . . . 1 . . . . . . . . 5 . . . Tunneler 7 | 2 . . . 1 1 . . 1 . . . . 2 . . . Hauler 10 | . . 3 . 3 . 2 . 1 . . . . 1 . . . Recycler 7 | 1 . 4 1 . . . . . . . . . 1 . . . Mechanic 1 | . . . . . 1 . . . . . . . . . . . Watcher 2 | . . 1 . 1 . . . . . . . . . . . . Swarmer 35 | . 4 . . 4 . . . 5 2 . . 8 10 . . 2 Cutter 1 | . . . . . . . . . . . . . 1 . . . Grunt 40 | . 6 4 2 1 6 . 5 4 6 . . 5 1 . . . Brawler 3 | . . . . . . . . . . . . . 3 . . . Duelist 3 | . . . . . . . . . 1 . . 2 . . . . Sentry 12 | . . 5 . 2 1 . . 2 2 . . . . . . . Specialist 2 | . . . . . . . 2 . . . . . . . . . Hunter 2 | . . . . . . . . . . . . . . . . 2 Programmer 8 | . . . . . 3 . . 4 . . . . 1 . . . Heavy 1 | . . . . . . . 1 . . . . . . . . . Assembled 5 | . . . . . . . . . . . . 5 . . . . Best Kill Streak 10 | 2 5 4 2 9 7 1 4 7 10 . . 4 6 . . 2 Combat Bots Only 10 | . 5 4 2 6 7 . 4 7 10 . . 4 4 . . 2 Max Kills in Single Turn 4 | 1 1 2 2 4 1 1 2 3 2 . . 3 2 . . 1 Gunslinging 1 | . . 1 1 . . . . . . . . . . . . . Exploded 4 | . . . . 4 . . 2 2 2 . . 3 2 . . 1 Melee 1 | . . . . . . . . . . . . . 1 . . . Uniques/NPCs Destroyed . | . . . . . . . . . . . . . . . . . Combat | -11 -10 -9 -9 -8 -7 -6 -6 -5 -5 -5 -5 -4 -4 -4 -4 -3 -------- Run | Yrd Mat Mat Min Mat Fac Fac DSF Fac Upp Upp Zhi Pro Fac Upp War Pro Hostile Shots Fired 901 | . 57 52 6 11 96 . 110 87 34 . . 178 166 . 31 73 Missed 254 | . 17 14 1 3 25 . 27 16 8 . . 54 56 . 10 23 Hits 647 | . 40 38 5 8 71 . 83 71 26 . . 124 110 . 21 50 Melee 42 | . . . . . . . . . 1 . . 8 33 . . . Projectile 605 | . 40 38 5 8 71 . 83 71 25 . . 116 77 . 21 50 AOE 2 | . . . . . . . . . . . . . . . 2 . Critical Strikes 38 | . . 2 . . 1 . 3 2 1 . . 10 19 . . . Part Disruptions 2 | . . . . . . . . . . . . 1 1 . . . Damage Taken 12048 | . 463 537 59 74 954 . 1740 1346 565 . . 2524 2321 . 536 929 Core 1882 | . 41 91 10 . 96 . 139 100 87 . . 213 825 . 136 144 Absorbed by Shields . | . . . . . . . . . . . . . . . . . Ignored by Resistances 192 | . . . . . . . 16 52 . . . . 40 . 11 73 Regen/Repaired (Parts) 6 | . . . . . . . . . . . . . . . 6 . Core Remaining (%) 83 | 100 83 . 74 100 86 . 83 . . . . 60 . . . . Volleys Fired 360 | 14 51 41 7 13 40 4 35 45 12 . . 46 36 . . 16 Largest 4 | 2 2 3 3 4 4 4 4 4 3 . . 4 4 . . 1 Hottest 246 | 40 40 69 69 106 114 106 111 189 156 . . 246 239 . . 110 Shots Fired 918 | 28 102 123 21 46 129 16 118 87 22 . . 137 73 . . 16 Gun 644 | 28 102 123 21 34 117 12 83 44 5 . . 55 20 . . . Cannon 242 | . . . . 11 10 4 32 41 10 . . 72 46 . . 16 Launcher 32 | . . . . 1 2 . 3 2 7 . . 10 7 . . . Special . | . . . . . . . . . . . . . . . . . Kinetic 732 | 28 102 123 21 45 127 16 115 52 10 . . 68 25 . . . Thermal 129 | . . . . . . . . 33 5 . . 54 21 . . 16 Explosive 32 | . . . . 1 2 . 3 2 7 . . 10 7 . . . Electromagnetic 25 | . . . . . . . . . . . . 5 20 . . . Robot Hit Streak 14 | 4 12 14 7 7 11 4 5 10 7 . . 7 9 . . 4 Robot Miss Streak 7 | 4 7 4 2 3 5 1 4 2 2 . . 5 6 . . 3 Penetration Max 1 | . . . . . . . . 1 . . . . . . . . Secondary Targets 7 | . 2 2 1 . 2 . . . . . . . . . . . Max Gunslinging Chain 1 | . 1 1 1 . 1 . . . . . . . . . . . Shots Hit Robots 557 | 15 66 69 14 23 80 10 64 57 12 . . 78 59 . . 10 Core Hits 309 | 6 22 27 7 20 33 5 30 28 28 . . 49 47 . . 7 Critical Kills 3 | . . . . . 1 . . 1 . . . 1 . . . . Critical Parts Destroyed 11 | . 1 . . 1 . . . 2 . . . 7 . . . . Critical Strikes 21 | . 1 . . 1 1 . 1 3 . . . 8 6 . . . Meltdown 1 | . . . . . . . . 1 . . . . . . . . Destroy 13 | . 1 . . 1 1 . . 2 . . . 8 . . . . Blast 3 | . . . . . . . 1 . . . . . 2 . . . Corrupt 1 | . . . . . . . . . . . . . 1 . . . Impale 3 | . . . . . . . . . . . . . 3 . . . Melee Attacks 37 | . . . . . . . . . . 2 . . 35 . . . Impact . | . . . . . . . . . . . . . . . . . Slashing . | . . . . . . . . . . . . . . . . . Piercing 37 | . . . . . . . . . . 2 . . 35 . . . Sneak Attacks 5 | . . . . . . . . . . . . . 5 . . . Combat Hostiles . | . . . . . . . . . . . . . . . . . Follow-up Attacks . | . . . . . . . . . . . . . . . . . Damage Inflicted 14886 | 135 521 1142 203 624 1429 199 1795 1937 1204 . . 2608 2356 . . 733 Guns 6219 | 135 521 1130 197 313 1229 145 650 757 28 . . 863 251 . . . Cannons 4638 | . . . . 112 155 54 582 1096 258 . . 1084 882 . . 415 Explosions 3166 | . . . . 199 40 . 563 84 918 . . 661 383 . . 318 Melee 806 | . . . . . . . . . . . . . 806 . . . Ramming 57 | . . 12 6 . 5 . . . . . . . 34 . . . Kinetic 7898 | 135 521 1130 197 425 1384 199 1232 937 114 . . 1026 598 . . . Thermal 2843 | . . . . . . . . 916 172 . . 816 206 . . 733 Explosive 2848 | . . . . 199 40 . 563 84 918 . . 661 383 . . . Electromagnetic 434 | . . . . . . . . . . . . 105 329 . . . Impact . | . . . . . . . . . . . . . . . . . Slashing . | . . . . . . . . . . . . . . . . . Piercing 806 | . . . . . . . . . . . . . 806 . . . Highest Corruption 12 | . . . . . 2 . 1 7 7 7 7 12 10 10 10 2 Average Corruption 6 | . . . . . 1 . 1 5 7 7 7 10 7 10 2 2 Corruption Purged . | . . . . . . . . . . . . . . . . . Corruption Blocked . | . . . . . . . . . . . . . . . . . Effects 130 | . . . . . 8 . . 11 15 13 11 48 19 . 4 1 Message Errors 28 | . . . . . . . . 3 5 2 . 10 5 . 3 . Matter Fused 23 | . . . . . 3 . . . 2 5 3 7 2 . 1 . Heat Flow Errors 15 | . . . . . . . . 3 1 . 2 8 1 . . . Energy Discharges 22 | . . . . . 1 . . 2 2 3 4 8 1 . . 1 Parts Rejected 1 | . . . . . . . . . 1 . . . . . . . Parts Fused 1 | . . . . . . . . . . 1 . . . . . . Data Loss (minor) 17 | . . . . . 2 . . . 4 . 2 6 3 . . . Data Loss (major) 9 | . . . . . 1 . . . . 2 . 4 2 . . . Misfires 2 | . . . . . . . . 1 . . . 1 . . . . Alerts 5 | . . . . . 1 . . 1 . . . 2 1 . . . Misdirections 3 | . . . . . . . . . . . . . 3 . . . Weapon Failures 4 | . . . . . . . . 1 . . . 2 1 . . . Overload Shots . | . . . . . . . . . . . . . . . . . Overflow Damage 264 | . . . . . . . 1 6 . . . 49 154 . . 54 Projectiles 72 | . . . . . . . . 6 . . . 41 25 . . . Explosions 65 | . . . . . . . 1 . . . . 8 2 . . 54 Melee 127 | . . . . . . . . . . . . . 127 . . . Knockbacks 28 | . . 1 . 1 2 . 8 1 . . . 11 4 . . . Impact 1 | . . 1 . . . . . . . . . . . . . . Kinetic 25 | . . . . 1 2 . 7 1 . . . 10 4 . . . Secondary 2 | . . . . . . . 1 . . . . 1 . . . . Self-Inflicted Damage 258 | . . 3 . . 29 . 27 . . . . 47 95 . . 57 Shots 7 | . . . . . 1 . 1 . . . . 1 3 . . 1 Rammed 11 | . . 1 . . . . . . . . . . 10 . . . Targets Rammed 14 | . . 2 1 . 1 . . . . . . . 10 . . . Kicked 3 | . . 1 1 . 1 . . . . . . . . . . . Crushed . | . . . . . . . . . . . . . . . . . Highest Temperature 415 | . 18 31 15 42 173 36 3 300 146 . 168 415 284 . 232 312 Average Temperature 88 | . 8 15 8 17 57 15 3 113 27 . 92 122 126 . 137 160 Received Heat Transfer 2391 | . 213 180 36 18 351 . 291 345 108 . . 657 111 . 9 72 Effects 9 | . . . . . . . . 3 . . . 6 . . . . Shutdowns 1 | . . . . . . . . . . . . 1 . . . . Interference 5 | . . . . . . . . 2 . . . 3 . . . . Matter Decay 2 | . . . . . . . . 1 . . . 1 . . . . Damage (minor) 1 | . . . . . . . . . . . . 1 . . . . Siege Activations . | . . . . . . . . . . . . . . . . . Martial Activations . | . . . . . . . . . . . . . . . . . Shielding Activations . | . . . . . . . . . . . . . . . . . Robots Disrupted . | . . . . . . . . . . . . . . . . . Combat Hostiles . | . . . . . . . . . . . . . . . . . Robots Corrupted . | . . . . . . . . . . . . . . . . . Combat Hostiles . | . . . . . . . . . . . . . . . . . Parts Fried 1 | . . . . . . . . . . . . . 1 . . . Impact Corruptions . | . . . . . . . . . . . . . . . . . Robots Melted 1 | . . . . . . . . 1 . . . . . . . . Combat Hostiles 1 | . . . . . . . . 1 . . . . . . . . Parts Melted 2 | . . . . . . . . 1 . . . 1 . . . . Heat Transferred 3199 | . . . . . . . . 925 185 . . 1517 372 . . 200 Parts Sabotaged . | . . . . . . . . . . . . . . . . . Parts Stolen . | . . . . . . . . . . . . . . . . . Parts Stripped . | . . . . . . . . . . . . . . . . . Power Chain Reactions 1 | . . . . . . . . . . . . . . . . 1 Alert | -11 -10 -9 -9 -8 -7 -6 -6 -5 -5 -5 -5 -4 -4 -4 -4 -3 ------- Run | Yrd Mat Mat Min Mat Fac Fac DSF Fac Upp Upp Zhi Pro Fac Upp War Pro Maximum Alert Level 1 | . . . . . . . . 1 . . . . 1 . . . Low Security (%) 96 | 100 100 100 100 100 100 100 100 76 . . . . 99 . . . Level 1 3 | . . . . . . . . 23 . . . . . . . . Level 2 . | . . . . . . . . . . . . . . . . . Level 3 . | . . . . . . . . . . . . . . . . . Level 4 . | . . . . . . . . . . . . . . . . . Level 5 . | . . . . . . . . . . . . . . . . . High Security . | . . . . . . . . . . . . . . . . . Max Security . | . . . . . . . . . . . . . . . . . Sterilizations 1 | . . . . . . . 1 . . . . . . . . . Peak Influence 248 | 10 110 115 50 148 145 58 183 248 . . . . 206 . . . Initial 85 | . . 1 5 . 53 58 3 85 . . . . . . . . Average 48 | 1 31 29 7 50 21 18 51 88 . . . . 104 . . . Influence Increases 3396 | 15 255 323 55 247 295 19 230 524 281 . . 379 683 . . 90 Destroy 0b10 Robot/C 2200 | . 200 180 40 140 200 . 160 300 260 . . 320 320 . . 80 Destroy 0b10 Robot/NC 180 | 15 . 40 5 35 15 10 . 10 . . . . 50 . . . Destroy Leader 404 | . 50 58 10 38 60 4 20 72 10 . . 40 32 . . 10 Allied During Kill 32 | . . . . 2 . . . . 11 . . 19 . . . . Successful Hack 49 | . 5 27 . . . 5 . 5 . . . . 7 . . . Disable Machine 75 | . . . . 15 . . 15 15 . . . . 30 . . . Destroy Structure 216 | . . 3 . 17 20 . 20 62 . . . . 94 . . . Partial Spotted 30 | . . . . . . . . . . . . . 30 . . . Lose Combat Pursuer 210 | . . 15 . . . . 15 60 . . . . 120 . . . Influence Decreases 3396 | 15 249 314 70 128 293 135 72 475 315 178 . 379 490 72 121 90 Entered New Map 530 | . . 5 10 . 66 63 2 78 79 34 . . . 72 121 . Time Decay 2313 | 15 239 299 60 108 217 72 . 337 206 144 . 256 310 . . 50 Lost Part 493 | . 10 10 . . 10 . 70 60 30 . . 83 180 . . 40 Lost Ally 60 | . . . . 20 . . . . . . . 40 . . . . Squads Dispatched 21 | . 4 . . 1 5 . 2 4 . . . . 5 . . . Investigation 2 | . 1 . . . . . . 1 . . . . . . . . Extermination 7 | . . . . . 3 . . 2 . . . . 2 . . . Reinforcement 12 | . 3 . . 1 2 . 2 1 . . . . 3 . . . Assault . | . . . . . . . . . . . . . . . . . Garrison . | . . . . . . . . . . . . . . . . . Intercept . | . . . . . . . . . . . . . . . . . Searches Triggered . | . . . . . . . . . . . . . . . . . Construction Impeded 2 | . . . . 1 . . . . . . . . 1 . . . Haulers Reinforced 2 | . . . . . 1 . . 1 . . . . . . . . Active Scanning Responses . | . . . . . . . . . . . . . . . . . Cargo Convoy Interrupts . | . . . . . . . . . . . . . . . . . Stealth | -11 -10 -9 -9 -8 -7 -6 -6 -5 -5 -5 -5 -4 -4 -4 -4 -3 --------- Run | Yrd Mat Mat Min Mat Fac Fac DSF Fac Upp Upp Zhi Pro Fac Upp War Pro Distress Signals 9 | . 2 4 . . . . . . . . . . 2 . 1 . Communications Jammed 27 | . . . . . 1 . . 26 . . . . . . . . Distress Signals 27 | . . . . . 1 . . 26 . . . . . . . . Times Spotted 215 | . 20 16 2 11 15 . 15 20 13 . . 22 28 . 42 11 Peak Tracking Total 10 | . 5 7 2 5 3 . 5 4 10 . . 4 7 . 10 5 Tactical Retreats 14 | . . 1 . . . . 1 2 . . . . 6 . 1 3 Traps | -11 -10 -9 -9 -8 -7 -6 -6 -5 -5 -5 -5 -4 -4 -4 -4 -3 ------- Run | Yrd Mat Mat Min Mat Fac Fac DSF Fac Upp Upp Zhi Pro Fac Upp War Pro Traps Triggered 2 | . 1 . . . . . . . . . . . . . 1 . Indirectly . | . . . . . . . . . . . . . . . . . Trap Hack Attempts . | . . . . . . . . . . . . . . . . . Triggered . | . . . . . . . . . . . . . . . . . Disarmed . | . . . . . . . . . . . . . . . . . Reprogrammed . | . . . . . . . . . . . . . . . . . Reused . | . . . . . . . . . . . . . . . . . Traps Extracted . | . . . . . . . . . . . . . . . . . Installed . | . . . . . . . . . . . . . . . . . Triggered . | . . . . . . . . . . . . . . . . . Most Traps Carried 1 | . . . . . . . . . . . . 1 1 . . . Machines | -11 -10 -9 -9 -8 -7 -6 -6 -5 -5 -5 -5 -4 -4 -4 -4 -3 ---------- Run | Yrd Mat Mat Min Mat Fac Fac DSF Fac Upp Upp Zhi Pro Fac Upp War Pro Machines Disabled 8 | . . . . 1 . . 1 1 2 1 . . 2 . . . Max in Single Turn 1 | . . . . 1 . . 1 1 1 1 . . 1 . . . Machines Repaired . | . . . . . . . . . . . . . . . . . Machines Dismantled . | . . . . . . . . . . . . . . . . . Machines Sabotaged . | . . . . . . . . . . . . . . . . . Overloaded Fab Kills . | . . . . . . . . . . . . . . . . . Hacking | -11 -10 -9 -9 -8 -7 -6 -6 -5 -5 -5 -5 -4 -4 -4 -4 -3 --------- Run | Yrd Mat Mat Min Mat Fac Fac DSF Fac Upp Upp Zhi Pro Fac Upp War Pro Machines Accessed 21 | . 1 4 . . . 1 . 3 . 1 8 . 2 . 1 . Terminals 10 | . 1 4 . . . 1 . 2 . . . . 2 . . . Fabricators . | . . . . . . . . . . . . . . . . . Repair Stations . | . . . . . . . . . . . . . . . . . Recycling Units . | . . . . . . . . . . . . . . . . . Scanalyzers . | . . . . . . . . . . . . . . . . . Garrison Access 1 | . . . . . . . . 1 . . . . . . . . Total Hacks 85 | . 5 12 . . . 2 . 6 . 1 47 . 8 . 4 . Successful 68 | . 1 8 . . . 1 . 2 . 1 47 . 4 . 4 . Failed 17 | . 4 4 . . . 1 . 4 . . . . 4 . . . Catastrophic 1 | . . . . . . . . 1 . . . . . . . . Database Lockouts . | . . . . . . . . . . . . . . . . . Manual 19 | . 5 8 . . . . . . . . . . 6 . . . Terminals 31 | . 5 12 . . . 2 . 4 . . . . 8 . . . Fabricators . | . . . . . . . . . . . . . . . . . Repair Stations . | . . . . . . . . . . . . . . . . . Recycling Units . | . . . . . . . . . . . . . . . . . Scanalyzers . | . . . . . . . . . . . . . . . . . Garrison Access 2 | . . . . . . . . 2 . . . . . . . . Terminal Hacks 63 | . . 6 . . . 1 . 2 . 1 47 . 2 . 4 . Record 40 | . . . . . . . . . . 1 35 . . . 4 . Part Schematic 4 | . . . . . . . . . . . 4 . . . . . Robot Analysis 6 | . . 2 . . . . . . . . 4 . . . . . Prototype ID Bank 6 | . . 2 . . . . . . . . 4 . . . . . Open Door 1 | . . . . . . . . 1 . . . . . . . . Open DSF 2 | . . . . . . 1 . 1 . . . . . . . . Branch Access Points 1 | . . . . . . . . . . . . . 1 . . . Investigation Status 1 | . . 1 . . . . . . . . . . . . . . Hauler Manifests 1 | . . 1 . . . . . . . . . . . . . . Zone Layout 1 | . . . . . . . . . . . . . 1 . . . Fabricator Hacks . | . . . . . . . . . . . . . . . . . Repair Station Hacks . | . . . . . . . . . . . . . . . . . Recycling Unit Hacks . | . . . . . . . . . . . . . . . . . Scanalyzer . | . . . . . . . . . . . . . . . . . Garrison Access Hacks . | . . . . . . . . . . . . . . . . . Unauthorized Hacks 5 | . 1 2 . . . . . . . . . . 2 . . . Terminals 5 | . 1 2 . . . . . . . . . . 2 . . . Botnet 5 | . 1 2 . . . . . . . . . . 2 . . . Fabricators . | . . . . . . . . . . . . . . . . . Repair Stations . | . . . . . . . . . . . . . . . . . Recycling Units . | . . . . . . . . . . . . . . . . . Scanalyzers . | . . . . . . . . . . . . . . . . . Garrison Access . | . . . . . . . . . . . . . . . . . Data Cores Recovered . | . . . . . . . . . . . . . . . . . Used . | . . . . . . . . . . . . . . . . . Hacking Detections 9 | . 1 3 . . . 1 . 2 . . . . 2 . . . Full Trace Events 3 | . 1 1 . . . . . 1 . . . . . . . . Feedback Events . | . . . . . . . . . . . . . . . . . Feedback Blocked . | . . . . . . . . . . . . . . . . . Robot Schematics Acquired . | . . . . . . . . . . . . . . . . . Robots Built . | . . . . . . . . . . . . . . . . . Authchips . | . . . . . . . . . . . . . . . . . Time . | . . . . . . . . . . . . . . . . . Total Robot Build Rating . | . . . . . . . . . . . . . . . . . Part Schematics Acquired 4 | . . . . . . . . . . . 4 . . . . . Parts Built . | . . . . . . . . . . . . . . . . . Authchips . | . . . . . . . . . . . . . . . . . Time . | . . . . . . . . . . . . . . . . . Total Part Build Rating . | . . . . . . . . . . . . . . . . . Parts Repaired . | . . . . . . . . . . . . . . . . . Time . | . . . . . . . . . . . . . . . . . Parts Recycled . | . . . . . . . . . . . . . . . . . Recycled Matter . | . . . . . . . . . . . . . . . . . Retrieved Matter . | . . . . . . . . . . . . . . . . . Retrieved Components . | . . . . . . . . . . . . . . . . . Parts Scanalyzed . | . . . . . . . . . . . . . . . . . Part Schematics Acquired . | . . . . . . . . . . . . . . . . . Parts Damaged . | . . . . . . . . . . . . . . . . . Bothacking | -11 -10 -9 -9 -8 -7 -6 -6 -5 -5 -5 -5 -4 -4 -4 -4 -3 ------------ Run | Yrd Mat Mat Min Mat Fac Fac DSF Fac Upp Upp Zhi Pro Fac Upp War Pro Used RIF Installer . | . . . . . . . . . . . . . . . . . Robots Hacked . | . . . . . . . . . . . . . . . . . Non-combat . | . . . . . . . . . . . . . . . . . Combat . | . . . . . . . . . . . . . . . . . Robot Hacks Applied . | . . . . . . . . . . . . . . . . . Relay Couplers Released . | . . . . . . . . . . . . . . . . . Fabnet Peak Effective % . | . . . . . . . . . . . . . . . . . Robots Rewired 2 | . . . . . . . . . 2 . . . . . . . Allies Hacked . | . . . . . . . . . . . . . . . . . Hacks Repelled . | . . . . . . . . . . . . . . . . . Allies | -11 -10 -9 -9 -8 -7 -6 -6 -5 -5 -5 -5 -4 -4 -4 -4 -3 -------- Run | Yrd Mat Mat Min Mat Fac Fac DSF Fac Upp Upp Zhi Pro Fac Upp War Pro Total Allies 3 | . . . 1 . . . . . 2 . . . . . . . Largest Group 2 | . . . 1 1 . . . . 2 2 2 2 . . . . Highest-Rated Group 58 | . . . 31 31 . . . . 58 54 54 54 . . . . Highest-Rated Ally 31 | . . . 31 31 . . . . 29 29 29 29 . . . . Initial Warlord ECA Mod 75 | . . . . . . . . 9 9 9 9 8 8 8 8 7 Total Orders . | . . . . . . . . . . . . . . . . . Ally Attacks 14 | . . . . 6 . . . . 3 . . 5 . . . . Total Damage 178 | . . . . 42 . . . . 57 . . 79 . . . . Kills 4 | . . . . 1 . . . . 2 . . 1 . . . . Allies Corrupted . | . . . . . . . . . . . . . . . . . Allies Melted 1 | . . . . . . . . . . . . . . . 1 . Intel | -11 -10 -9 -9 -8 -7 -6 -6 -5 -5 -5 -5 -4 -4 -4 -4 -3 ------- Run | Yrd Mat Mat Min Mat Fac Fac DSF Fac Upp Upp Zhi Pro Fac Upp War Pro Active Infowar (turns) 8807 | . 611 1192 467 429 1006 225 415 994 431 499 297 1018 609 . 345 269 Sensors 580 | . . . . . . . . 502 . . . . 78 . . . IFF 1568 | . . . . . . . . . . 253 297 1018 . . . . Terrain 901 | . . . . . . . . . . . . . 287 . 345 269 Structural 5085 | . 611 1192 363 260 921 225 415 994 104 . . . . . . . Seismic 2474 | . . . 104 169 . . . 67 428 499 297 318 592 . . . Jamming 979 | . . . . . 392 225 134 228 . . . . . . . . ECM 673 | . . . . . . . . . . . . . 61 . 343 269 Robot Analysis Total 6 | . . 2 . . . . . . . . 4 . . . . . Derelict Logs Recovered 3 | . . . 1 . . . . . . 1 . 1 . . . . Drone Launches . | . . . . . . . . . . . . . . . . . Drone Recoveries . | . . . . . . . . . . . . . . . . . Exploration | -11 -10 -9 -9 -8 -7 -6 -6 -5 -5 -5 -5 -4 -4 -4 -4 -3 ------------- Run | Yrd Mat Mat Min Mat Fac Fac DSF Fac Upp Upp Zhi Pro Fac Upp War Pro Turns Passed 10164 | 119 740 1192 467 429 1006 225 415 994 431 499 297 1400 899 4 778 269 Spaces Moved 6315 | 46 334 613 219 194 429 107 126 624 291 312 217 961 702 8 865 267 Core 488 | 2 . . . . . . . . . . . . 76 8 402 . Treads 408 | 44 334 30 . . . . . . . . . . . . . . Legs 4000 | . . 245 219 194 429 107 126 624 291 312 217 961 268 . 7 . Wheels 338 | . . 338 . . . . . . . . . . . . . . Hover 723 | . . . . . . . . . . . . . . . 456 267 Flight 358 | . . . . . . . . . . . . . 358 . . . Fastest Speed 35 | 50 160 120 190 120 190 190 120 120 120 120 120 120 35 50 50 84 Average Speed 125 | 155 173 159 190 187 190 190 128 120 120 120 120 121 82 50 70 86 Slowest Speed 550 | 160 240 240 190 190 190 190 190 120 120 120 120 190 190 50 550 152 Overloaded Moves . | . . . . . . . . . . . . . . . . . Propulsion Burnouts . | . . . . . . . . . . . . . . . . . Robots Hopped 5 | . . . . . . . . . . . . . 5 . . . Potential Cave-ins 1 | . . . . . . . . . . . . . . . 1 . Cave-ins Triggered . | . . . . . . . . . . . . . . . . . Teleports 1 | . . . . . . . . . . . . . 1 . . . Exploration Rate (%) 39 | 5 54 52 54 18 12 4 62 16 45 43 62 96 17 3 81 42 Regions Visited 16 Branch Regions 8 Pre-discovered Areas 5 | . . . . . . . . . 1 . 3 1 . . . . Known Exits Taken 2 | . . . . . . 1 . . . . . . 1 . . . Unknown Exits Taken 13 | 1 1 1 1 1 1 . . 1 1 1 1 1 . 1 1 . Scrap Searched 10 | . . . 1 . . . . . 1 4 . 4 . . . . Spaces Dug 31 | . . . . . . . . . . . . 24 7 . . . Terrain Destroyed 317 | . . . . 15 17 . 22 26 33 . . 132 52 . . 20 Melee 7 | . . . . . . . . . . . . . 7 . . . Projectile 75 | . . . . 2 . . 1 10 3 . . 46 8 . . 5 AOE 235 | . . . . 13 17 . 21 16 30 . . 86 37 . . 15 Terrain Rammed . | . . . . . . . . . . . . . . . . . Walls Destroyed . | . . . . . . . . . . . . . . . . . Machines Disabled . | . . . . . . . . . . . . . . . . . Actions | -11 -10 -9 -9 -8 -7 -6 -6 -5 -5 -5 -5 -4 -4 -4 -4 -3 --------- Run | Yrd Mat Mat Min Mat Fac Fac DSF Fac Upp Upp Zhi Pro Fac Upp War Pro Total 7801 | 68 413 737 257 230 526 119 298 795 353 432 255 1086 901 7 1034 290 Wait 747 | . 25 38 13 6 40 6 122 88 31 111 4 56 63 . 141 3 Move 6290 | 45 333 612 218 193 428 106 125 623 290 311 216 960 692 7 864 267 Hop 4 | . . . . . . . . . . . . . 4 . . . Pick Up 86 | 3 2 17 7 7 2 1 2 13 3 3 12 6 6 . 1 1 Fast Attach 65 | 6 1 5 . 1 3 . 2 5 . 1 8 3 18 . 12 . Attach 53 | . . 5 . 1 4 1 3 5 2 3 1 12 10 . 5 1 Detach 27 | . . 5 . . 2 . . . . . 3 . 11 . 5 1 Swap 34 | . 1 2 3 4 3 1 5 6 3 1 1 3 . . 1 . Drop 70 | . . 10 8 5 3 . 4 10 1 . 9 . 15 . 4 1 Fire 360 | 14 51 41 7 13 40 4 35 45 12 . . 46 36 . . 16 Melee 37 | . . . . . . . . . . 2 . . 35 . . . Ram 12 | . . 1 . . . . . . . . . . 11 . . . Kick 3 | . . 1 1 . 1 . . . . . . . . . . . Crush . | . . . . . . . . . . . . . . . . . Escape Stasis . | . . . . . . . . . . . . . . . . . Rewire 12 | . . . . . . . . . 11 . 1 . . . . . Trap . | . . . . . . . . . . . . . . . . . Miscellaneous 1 | . . . . . . . . . . . . . . . 1 . Route ------- -11/Scrapyard -10/Materials (discovered 2 exits: *Mat / [Sub]) -9/Materials (discovered 3 exits: [*Mat x2] / [*Min]) -9/Mines -8/Materials -7/Factory (discovered 2 exits: *Fac x2) -6/Factory -6/DSF -5/Factory (discovered 2 exits: [*Upp] / [*Ext]) -5/Upper Caves -5/Upper Caves -5/Zhirov -4/Proximity Caves -4/Factory (discovered 5 exits: Res x2 / *Upp x2 / Arm) -4/Upper Caves -4/Warlord -3/Proximity Caves History --------- Turn | Location | Event 66 | -11/Scrapyard | Discovered new exit (range 14) 120 | -11/Scrapyard | Entered Materials 308 | -10/Materials | Build established: Mutant 402 | -10/Materials | Discovered new exit (range 4) 484 | -10/Materials | Discovered new exit (range 4) 860 | -10/Materials | Entered another Materials area 860 | -9/Materials | Evolved 2 slots: Propulsion x1, Weapon x1 1179 | -9/Materials | Discovered new exit (range 6) 1276 | -9/Materials | Discovered new exit (range 14) 1280 | -9/Materials | Build established: Skirmisher 1527 | -9/Materials | Discovered new exit (range 3) 2052 | -9/Materials | Entered Mines 2321 | -9/Mines | Learned Materials garrison access intel 2342 | -9/Mines | Found DCF Scrap (13 items) 2414 | -9/Mines | Assembled infested the area 2419 | -9/Mines | Assisted by a Guerilla fighting off Assembled 2504 | -9/Mines | Discovered new exit (range 8) 2507 | -9/Mines | Received a Mining Laser from a helpful Derelict 2519 | -9/Mines | Entered Materials 2519 | -8/Materials | Accompanied by 1 ally 2519 | -8/Materials | Evolved 2 slots: Propulsion x1, Weapon x1 2520 | -8/Materials | Loaded intel: 1 garrison access location 2875 | -8/Materials | Discovered new exit (range 15) 2948 | -8/Materials | Entered Factory 2948 | -7/Factory | Evolved 2 slots: Utility x2 3179 | -7/Factory | Found Prototype Launcher 3179 | -7/Factory | Identified Rocket Array 3278 | -7/Factory | Build established: Infiltrator-Tank 3674 | -7/Factory | Discovered new exit (range 14) 3904 | -7/Factory | Destroyed 7 combat bots 3915 | -7/Factory | Discovered new exit (range 7) 3954 | -7/Factory | Entered another Factory area 3954 | -6/Factory | Evolved 2 slots: Propulsion x1, Utility x1 4177 | -6/Factory | Identified exit to DSF 4179 | -6/Factory | Entered DSF 4226 | -6/DSF | Additional patrols routed to DSF 4576 | -6/DSF | Discovered new exit (range 15) 4591 | -6/DSF | Sterilization system engaged 4594 | -6/DSF | Entered Factory 4594 | -5/Factory | Evolved 2 slots: Propulsion x1, Utility x1 4616 | -5/Factory | Lost 3 parts (1u2w) 4885 | -5/Factory | Build established: Mutant 4937 | -5/Factory | Discovered new exit (range 5) 5343 | -5/Factory | Destroyed 7 combat bots 5554 | -5/Factory | Discovered new exit (range 13) 5588 | -5/Factory | Entered Upper Caves 5628 | -5/Upper Caves | Build established: Scavenger-Tank 5690 | -5/Upper Caves | Attracted the attention of an 0b10 checkpoint 5699 | -5/Upper Caves | Attracted the attention of an 0b10 outpost 5726 | -5/Upper Caves | Met a Warlord Commander 5727 | -5/Upper Caves | Learned location of Warlord (-4) 5728 | -5/Upper Caves | Warlord Commander delivered Encrypted Comm Array 5732 | -5/Upper Caves | Lost 3 parts (2n1u) 5732 | -5/Upper Caves | Found Encrypted Comm Array 5738 | -5/Upper Caves | Destroyed 10 combat bots 6006 | -5/Upper Caves | Discovered new exit (range 5) 6019 | -5/Upper Caves | Entered another Upper Caves area 6019 | -5/Upper Caves | Accompanied by 2 allies 6025 | -5/Upper Caves | Encountered a Warlord checkpoint 6034 | -5/Upper Caves | Learned 12 Factory zone layouts 6102 | -5/Upper Caves | Found Alien Artifact 6102 | -5/Upper Caves | Identified Dimensional Node Initializer 6102 | -5/Upper Caves | Initialized slip node 6503 | -5/Upper Caves | Discovered new exit (range 5) 6518 | -5/Upper Caves | Entered Zhirov 6518 | -5/Zhirov | Accompanied by 2 allies 6518 | -5/Zhirov | Discovered new exit (range 3) 6540 | -5/Zhirov | Met Zhirov 6616 | -5/Zhirov | Learned location of Quarantine (-2) 6616 | -5/Zhirov | Learned location of Testing (-3) 6616 | -5/Zhirov | Learned location of Command (-1) 6643 | -5/Zhirov | Zhirov requested help retrieving the SGEMP Prototype 6668 | -5/Zhirov | Found Alien Artifact 6668 | -5/Zhirov | Identified Integrated Dissipator 6668 | -5/Zhirov | Installed Integrated Dissipator, increased core heat dissipation (+20) 6683 | -5/Zhirov | Found Alien Artifact 6815 | -5/Zhirov | Entered Proximity Caves 6815 | -4/Proximity Caves | Accompanied by 2 allies 6972 | -4/Proximity Caves | Lost 4 parts (1n1u2w) 7014 | -4/Proximity Caves | Encountered an infested base 7134 | -4/Proximity Caves | System corruption reached 10% 7920 | -4/Proximity Caves | Lost 11 parts (3n4u4w) 8170 | -4/Proximity Caves | Discovered new exit (range 10) 8215 | -4/Proximity Caves | Entered Factory 8215 | -4/Factory | Evolved 2 slots: Power x1, Utility x1 8216 | -4/Factory | Identified exit to Armory 8216 | -4/Factory | Identified exit to Research 8480 | -4/Factory | Lost 6 parts (1p2n3w) 8597 | -4/Factory | Lost 3 parts (1p1n1w) 8780 | -4/Factory | Identified Transdimensional Reconstructor 8780 | -4/Factory | Warped through subspace 8989 | -4/Factory | Identified exit to Upper Caves 9051 | -4/Factory | System corruption reached 10% 9073 | -4/Factory | Core integrity fell below 50% 9104 | -4/Factory | Lost 6 parts (1p1n4u) 9114 | -4/Factory | Entered Upper Caves 9117 | -4/Upper Caves | A Derelict revealed a hidden shortcut to "reach the base" 9118 | -4/Upper Caves | Entered Warlord 9143 | -4/Warlord | Core integrity fell below 20% 9144 | -4/Warlord | System corruption cleaned by Quarantine Array 9311 | -4/Warlord | Met Warlord 9336 | -4/Warlord | Warlord's base attacked by MAIN.C 9368 | -4/Warlord | Build established: Mutant 9686 | -4/Warlord | Warlord forces counterattacked 9688 | -4/Warlord | P-80 Master assimilated allied M9-6KU(l) 9697 | -4/Warlord | P-70 Sage assimilated allied 3V-0D4(g) 9751 | -4/Warlord | Spotted Striker 9779 | -4/Warlord | Spotted B-90 Cyclops 9808 | -4/Warlord | Spotted B-86 Titan 9827 | -4/Warlord | Lost 17 allies 9841 | -4/Warlord | Spotted Striker 9887 | -4/Warlord | Discovered new exit (range 12) 9896 | -4/Warlord | Entered Proximity Caves 9903 | -3/Proximity Caves | Attracted the attention of an 0b10 checkpoint 9921 | -3/Proximity Caves | Lost 12 allies 9992 | -3/Proximity Caves | Lost 5 parts (1p1n2u1w) 10049 | -3/Proximity Caves | Build established: Scavenger-Mutant 10157 | -3/Proximity Caves | Spotted B-86 Titan 10165 | -3/Proximity Caves | Destroyed by B-86 Titan with Railgun Last Messages --------------- 09954_ Segregator destroyed. 09958_ Imp. Phase Shifter fries itself beyond repair. 09958_ Backup Plating III destroyed. 09958_ Penetrated by Slug. 09958_ Slug penetrates Wall. 09961_ Penetrated by Slug. 09961_ Backup Propulsion III destroyed. 09961_ Hrd. Light Armor Plating destroyed. 09964_ Penetrated by Slug. 09964_ Slug penetrates Wall. 09964_ H-77 Assassin destroyed. 09973_ Myomer Leg fries itself beyond repair. 09976_ Lgt. Antimatter Reactor fries itself beyond repair. 09980_ Hpw. Shotgun fries itself beyond repair. 10010_ System corrupted: Energy discharge (-98). 10103_ Acquired Corrupted Lgt. Ion Engine. 10105_ Dropped Corrupted Lgt. Ion Engine. 10165_ Slug penetrates Wall. Map ----- +----------------------------------------------------+ | | | ?????????????????????????????????????????????????? | | ?????????????????????????????????????????????????? | | ?????????????????????????????????????????????????? | | ?????????????????????????????????????????????????? | | ?????????????????????????????????????????????????? | | ?????????????????????????????????????????????????? | | ????????????????????????????#????????????????????? | | ?????????????????????????????????????????????????? | | ?????????????????????#???????#???????#??#????????? | | ??????????????????????????????###????????????????? | | ??????????????????????????#?## ##???????????????? | | ???????????????????????????## #???????????????? | | ???????????????#????????#??# #???????????????? | | ???????????????????????????# =#???????????????? | | ??????????????????????????### l #???????????????? | | ??????????????????????????### # ##??????????????? | | ???????????????????????#### # #??????????????? | | ??????????????????###### ##?????????????? | | ????????????#####?# #?????????????? | | ????????????# "### #?????????????? | | ???????????## BB????# #???????????? ? | | ????????? BB #??# ### ##?????????????? | | ???????? ? ;## #?## ##????????? ????? | | ?????????####???? # ;; #??## #???????? ?#???? | | ????????????????????# @ #???# #??#????????????? | | ????????????????????##### #???# #???????????????? | | ????????????????????????# ??# #???#??????????? | | ????????????????????????# ## ###########?????? | | ??????????????????? ????## # ## #?#???? | | ?????????????????????????# #?????? | | ????????????????????????# ###### #?? ??? | | ????????????????????????## ##????# #???? ? | | ????????????????????????## ##?????# #??#??? | | ?????????????????????????# ####??????# #?????? | | ?????????????????????????# ##????????## #?????? | | ?????????????????????????# #???#??????# #####?? | | ????????????????????????# #??????????# ## ### | | ????????????????????????# ??????????# # "" | | ????????????????????????## ??????????# # | | ?????????????????????????###????#???#???# ## *% | | ???????????????????????????????????????## ## """ | | ????????????????????###??????????####### ## # | | ???????????????????? ??????????# ### | | ???????????????????? ??????????# ### #? | | ???????????????????? ??????????# #?## # | | ???????????????????"" ????????# #??## | | ??????????????????""" ????????## #???## ### | | ??????????????????""" ????????# ###??####??# | | ????????? ???? """" ????????# # ##????????# | +----------------------------------------------------+ Best States ------------- Heat Dissipation 82 Energy Generation 37 Energy Capacity 510 Matter Stores 300 Matter Capacity 300 Sight Range 16 Robot Scan Range 16 Terrain Scan Range 16 Terrain Scan Density 85 ECM Strength 1 Jamming Range 12 Armor Coverage 600 Resistance: TH 20 Evasion (%) 63 Recoil Reduction 2 Matter Filtering 50 Energy Filtering 50 Offensive Hacking 10 Defensive Hacking 14 Item Schematics ----------------- Assault Drone Bay | -5/Zhirov | Free Exp. Heat Sink | -5/Zhirov | Free Exp. Optical Array | -5/Zhirov | Free Imp. Arc Thrower | -5/Zhirov | Free Robot Schematics ------------------ None Fabricated ------------ Nothing Repaired ---------- Nothing Alien Tech Used ----------------- Dimensional Node Initializer Integrated Dissipator Transdimensional Reconstructor Achievements -------------- None Challenges ------------ None Game ------ Seed SegregatorActuatorTube Manual? 0 Play Time 02:24:39 Cumulative 90.2 hours Start 2025.08.05 @ 21:38:21 End 2025.08.07 @ 19:52:03 Sessions 4 Manual Loads 0 Difficulty Rogue Special Mode None Game No. 118 Rogue 118 Adventurer 0 Explorer 0 Win Type - Total 1 Types 1/0/0/0/0/0/0/0/0/0 Lore% 47 Gallery% 45 Achievement% 41 Wizard Run 0 Options --------- Layout 2 ASCII 0 Keyboard 1 Movement Numpad Keybinds 0 Fullscreen 1 Font 32/Tamsyn Map View 50x44 Zoom Use 0% Tactical HUD 1 Map Filters NONE Filters NONE Steam 1 RUN: 78c9fd68-bc54-489d-8552-3138f522f720